 Dungeon Crawl Stone Soup version 0.30.1-4-g462c640d31 (webtiles) character file.

Game seed: 717453134281724236

931 MrPagan1517 the Cleaver (level 8, -13/68 HPs)
             Began as a Hill Orc Fighter on Aug 29, 2023.
             Mangled by an ogre
             ... wielding a +0 giant club
              (18 damage)
             ... on level 5 of the Dungeon.
             The game lasted 00:06:56 (2823 turns).

MrPagan1517 the Cleaver (Hill Orc Fighter)          Turns: 2823, Time: 00:06:57

Health: -13/68     AC: 12    Str: 21    XL:     8   Next: 11%
Magic:  0/8        EV:  6    Int:  8    God:
Gold:   151        SH:  4    Dex: 10    Spells: 7/7 levels left

rFire   . . .        a - +0 war axe (heavy)
rCold   . . .        c - +0 buckler
rNeg    . . .        l - +0 plate armour
rPois   .            (no helmet)
rElec   .            (no cloak)
rCorr   .            (no gloves)
SInv    .            (no boots)
Will    .....        i - amulet of guardian spirit Stlth
                     (no ring)
HPRegen 0.31/turn    (no ring)
MPRegen 0.11/turn

%: guardian spirit
@: no status effects
A: no striking features
a: no special abilities


You were on level 5 of the Dungeon.
You visited 1 branch of the dungeon, and saw 4 of its levels.

You collected 151 gold pieces.

Inventory:

Hand Weapons
 a - a +0 heavy war axe (weapon)
Armour
 b - a +0 scale mail
 c - a +0 buckler (worn)
 l - a +0 plate armour (worn)
Jewellery
 i - an amulet of guardian spirit (around neck)
 k - a +6 ring of intelligence
 m - a +6 ring of dexterity
 n - a ring of see invisible
Wands
 s - a wand of flame (9)
Scrolls
 d - a scroll of magic mapping {unknown}
 e - a scroll of acquirement {unknown}
 f - 2 scrolls of identify
 o - 3 scrolls of amnesia {unknown}
 q - a scroll of fear {unknown}
 r - 2 scrolls of teleportation
Potions
 g - a potion of ambrosia {unknown}
 h - a potion of berserk rage {unknown}
 j - a potion of resistance {unknown}
 p - a potion of brilliance {unknown}
 t - a potion of attraction {unknown}


   Skills:
 + Level 5.3 Fighting
 + Level 8.2 Axes
 + Level 5.8 Armour
 + Level 1.3 Dodging
 + Level 0.1 Stealth
 + Level 4.9 Shields


You had 7 spell levels left.
You didn't know any spells.
Your spell library was empty.

Dungeon Overview and Level Annotations

Branches:
Dungeon (5/15)             Temple (0/1) D:5

Altars:

Shops:
D:4 [


Message History

You are too injured to fight recklessly!
You are too injured to fight recklessly!
You are too injured to fight recklessly!
Unknown command.
You barely miss the gnoll.
The gnoll is almost dead.
You barely miss the gnoll. x2; The gnoll hits you with a +0 flail.
The gnoll barely misses you. You block the gnoll's attack.
The gnoll hits you with a +0 flail. The gnoll closely misses you.
The gnoll barely misses you.
You closely miss the gnoll.
The gnoll is moderately wounded.
You slash the gnoll!
You kill the gnoll!
You hit the gnoll. The gnoll barely misses you. You block the gnoll's attack.
The gnoll hits you but does no damage. The gnoll hits you with a +0 club.
You hit the gnoll but do no damage.
The gnoll is moderately wounded.
You hit the gnoll. The gnoll hits you with a +0 flail.
The gnoll hits you but does no damage.
You slice the gnoll!!
You kill the gnoll!
You hit the gnoll.
The gnoll hits you but does no damage. x2
You block the gnoll's attack.
Things that are here:
a +0 club; 13 gold pieces You hit the gnoll.
You kill the gnoll!
Number of times to repeat, then command key: You must enter the number of times for the command to repeat.
An ogre is nearby!
The ogre shouts!
Things that are here:
a +0 flail; 2 stones; a scroll labelled UQUARI QEIZ You hit the ogre but do no damage.
The ogre hits you with a +0 giant club!
The ogre hits you with a +0 giant club!!
* * * LOW HITPOINT WARNING * * *
You closely miss the ogre.
The ogre hits you with a +0 giant club!!
You die...

###...###..#####....#######.....#
......####.##....[### #.....#
...##...##.#..###.# #.....#
..............###.###### #.....#
.#.#######..#....[[#...## #(#####
.#.# ##.###.)..[....###.## .#.#
#..#.))..........[)## .#.##
##.............#.[..# .#..#
###..@........#.[..# .##.#
##.O.......##<...# ###.#
#...###..###....# #.# ### #.⌠.#
#.........# #.#
#.###...########....#
##.#######..........### #....#
#...........⌠..>..⌠...###....#
#........##.........>...#....#
##.......†#####...###....######


You could see an ogre.

Vanquished Creatures
  Duvessa (D:5)
  Edmund (D:5)
  2 black bears
  An ice beast (D:5)
  2 scorpions (D:5)
  Dowan (D:5)
  2 hounds
  An orc priest (D:5)
  An iguana (D:5)
  3 orc wizards (D:5)
  An adder (D:4)
  4 gnolls
  A dart slug (D:1)
  5 orcs
  6 endoplasms
  A giant cockroach (D:4)
  4 goblins
  2 hobgoblins (D:1)
  2 kobolds (D:1)
  2 quokkas (D:1)
  A ball python (D:1)
  3 bats (D:1)
  A frilled lizard (D:1)
  4 rats (D:1)
52 creatures vanquished.

Notes
Turn   | Place    | Note
-------+----------+-------------------------------------------
     0 | D:1      | MrPagan1517 the Hill Orc Fighter began the quest for the
                  | Orb.
     0 | D:1      | Reached XP level 1. HP: 19/19 MP: 1/1
    78 | D:1      | Found a faded altar of an unknown god.
    82 | D:1      | Reached XP level 2. HP: 27/27 MP: 2/2
   310 | D:1      | Reached skill level 3 in Axes
   310 | D:1      | Reached XP level 3. HP: 22/33 MP: 3/3
   935 | D:2      | You fall into a shaft and drop 2 floors!
  1261 | D:4      | Noticed a black bear
  1266 | D:4      | Killed a black bear
  1267 | D:4      | Reached skill level 4 in Axes
  1267 | D:4      | Reached XP level 4. HP: 29/41 MP: 4/4
  1267 | D:4      | Reached XP level 5. HP: 33/47 MP: 5/5
  1338 | D:4      | Found Ruis Lox's Antique Armour Boutique.
  1426 | D:4      | Reached skill level 5 in Axes
  1725 | D:5      | Entered Level 5 of the Dungeon
  1725 | D:5      | Noticed Duvessa
  1726 | D:5      | Noticed Dowan
  1835 | D:5      | Reached XP level 6. HP: 44/53 MP: 4/6
  1845 | D:5      | Noticed a black bear
  1852 | D:5      | Killed a black bear
  1853 | D:5      | Reached skill level 6 in Axes
  1982 | D:5      | Reached skill level 5 in Armour
  1982 | D:5      | Reached XP level 7. HP: 47/60 MP: 5/7
  2010 | D:5      | Noticed Edmund
  2019 | D:5      | HP: 2/60 [Edmund/+2 dire flail of protection (11)]
  2023 | D:5      | Killed Edmund
  2024 | D:5      | Reached skill level 1 in Dodging
  2035 | D:5      | Found a staircase to the Ecumenical Temple.
  2258 | D:5      | Reached skill level 5 in Fighting
  2258 | D:5      | Reached skill level 7 in Axes
  2343 | D:5      | Killed Duvessa
  2350 | D:5      | Killed Dowan
  2351 | D:5      | Reached skill level 8 in Axes
  2518 | D:5      | Reached XP level 8. HP: 55/68 MP: 8/8
  2823 | D:5      | Mangled by an ogre

Illustrated notes

Levels and vault maps discovered:
D:1:      dpeg_arrival_rooms_with_view, layout_loops_ring,
          shapermc_ecumenical_altar_starsandcircs
D:2:      layout_rooms, basic_altar, minmay_misc_feat_more_columns,
          uniq_crazy_yiuf_cottage
D:4:      layout_basic, serial_shops, nicolae_shop_window_shopping
D:5:      layout_rooms, minmay_temple_entry_junction, uniq_duvessa, uniq_edmund

Skill      XL: |  1  2  3  4  5  6  7 |
---------------+----------------------+-----
Fighting       | 4 5 |  5.3
Axes           | 3 4 5 6 8 |  8.2
Armour         | 4 5 |  5.8
Shields        | 4 |  4.9
Dodging        | 1 |  1.3
Stealth        | |  0.1

Action                     |  1- 3 |  4- 6 |  7- 9 || total
---------------------------+-------+-------+-------++-------
  Melee: War axe           |    62 |    29 |    42 ||   133
    Use: Scroll            |     3 |       |       ||     3
         Potion            |       |       |     3 ||     3
 Armour: Scale mail        |    25 |       |       ||    25
         Plate armour      |    12 |    44 |    37 ||    93
  Dodge: Dodged            |    34 |    10 |    16 ||    60
  Block: Buckler           |    17 |    10 |    13 ||    40
